 Dungeon Crawl Stone Soup version 0.28.0 (webtiles) character file.

Game seed: 6077959996492756029

3855 browni3141 the Cleaver (level 9, -10/83 HPs)
             Began as a Minotaur Berserker on Feb 10, 2022.
             Was a Priest of Trog.
             Mangled by Harold (15 damage)
             ... on level 7 of the Dungeon.
             The game lasted 00:04:56 (9342 turns).

browni3141 the Cleaver (Minotaur Berserker)         Turns: 9342, Time: 00:04:57

Health: -10/83     AC:  0    Str: 27    XL:     9   Next: 99%
Magic:  8/8        EV: 24    Int:  4    God:    Trog [***...]
Gold:   384        SH:  0    Dex: 14    Spells: 8/8 levels left

rFire   . . .      SeeInvis .   (weapon currently unavailable)
rCold   . . .      Faith    .   (shield currently unavailable)
rNeg    . . .      Spirit   .   (armour currently unavailable)
rPois   .          Reflect  .   (helmet currently unavailable)
rElec   .          Harm     .   (cloak currently unavailable)
rCorr   .          Rampage  .   (gloves currently unavailable)
Will    .....                   (boots currently unavailable)
Stlth   +.........              (no amulet)
HPRegen 0.23/turn               (ring currently unavailable)
MPRegen 0.11/turn               (ring currently unavailable)

@: bat-form, marked, on berserk cooldown, flying, very quick
A: fast, flying, no casting, tiny, (horns 2), (retaliatory headbutt)
a: Renounce Religion, Berserk, Trog's Hand


You were on level 7 of the Dungeon.
You worshipped Trog.
Trog was most pleased with you.
You were a bat.
You visited 1 branch of the dungeon, and saw 7 of its levels.

You collected 384 gold pieces.

Inventory:

Hand Weapons
 a - a +0 hand axe
 v - a +0 battleaxe (melded)
Armour
 b - a +0 animal skin
 p - a +0 plate armour (melded)
 B - a +0 cloak (melded)
Jewellery
 u - an amulet of guardian spirit
 D - an amulet of the acrobat
Wands
 x - a wand of polymorph (5)
 E - a wand of digging (2)
Scrolls
 c - a scroll of brand weapon {unknown}
 e - a scroll of vulnerability {unknown}
 i - a scroll of summoning {unknown}
 j - 4 scrolls of enchant weapon {unknown}
 k - 3 scrolls of teleportation {unknown}
 l - a scroll of noise {unknown}
 m - 5 scrolls of identify {unknown}
 w - a scroll of blinking {unknown}
 y - 2 scrolls of fog {unknown}
 C - 2 scrolls of fear {unknown}
 F - a scroll of acquirement {unknown}
Potions
 d - 3 potions of heal wounds {unknown}
 f - 2 potions of degeneration {unknown}
 g - 2 potions of flight {unknown}
 h - a potion of might {unknown}
 n - 3 potions of lignification {unknown}
 o - 2 potions of resistance {unknown}
 q - a potion of invisibility {unknown}
 r - 3 potions of attraction {unknown}
 s - 5 potions of haste {unknown}
 t - 2 potions of mutation {unknown}
 z - 2 potions of curing {unknown}
 A - 3 potions of brilliance {unknown}


   Skills:
 + Level 9.3 Fighting
 + Level 9.3 Axes
 + Level 9.0 Armour
 + Level 8.2 Dodging


You had 8 spell levels left.
You didn't know any spells.
Your spell library was empty.

Dungeon Overview and Level Annotations

Branches:
Dungeon (7/15)             Temple (0/1) D:6

Altars:
Cheibriados
Elyvilon
Hepliaklqana
Qazlal
Ru
Uskayaw
Wu Jian
Yredelemnul

Annotations:
D:5 2 runed translucent doors
D:7 Harold


Innate Abilities, Weirdness & Mutations

You are a bat.
You are tiny and dextrous.
You move quickly.
You are flying.
Your equipment is almost entirely melded.
You are incapable of wielding weapons or throwing items.
You cannot cast spells.
((You have a pair of horns on your head.))
((You reflexively headbutt those who attack you in melee.))


Message History

Harold misses you.
You hit Harold but do no damage.
Harold is moderately wounded.
Harold hits you with a +0 short sword!! Harold hits you with a +0 short sword!
* * * LOW HITPOINT WARNING * * *
You hit Harold but do no damage.
Harold is moderately wounded.
Your transformation is almost over.
Harold closely misses you.
You are too injured to fight recklessly!
You hit Harold but do no damage.
Harold is moderately wounded.
Harold hits you with a +0 short sword!
* * * LOW HITPOINT WARNING * * *
You are too injured to fight recklessly!
Harold looks eager to get this over with.
Harold fires a harpoon shot at you. The harpoon shot misses you.
You feel less batty.
Your +0 battleaxe unmelds from your body.
Your +0 cloak unmelds from your body.
Your +0 plate armour unmelds from your body.
There is a stone staircase leading up here.
Harold throws a throwing net.
The throwing net hits you.
You become entangled in the net!
You stop ascending the stairs.
Harold gestures at you while chanting. The mark upon you grows brighter.
Unknown command.
You struggle against the net.
You feel yourself speed up.
You tear a large gash into the net.
You shred the net and break free!
Harold throws a throwing net.
The throwing net hits you.
You become entangled in the net!
You struggle against the net.
You tear a large gash into the net.
Harold zaps a wand.
You turn into a bat.
Your +0 battleaxe melds into your body.
Your +0 cloak melds into your body.
Your +0 plate armour melds into your body.
Unknown command.
You rip the net and break free!
Harold hits you with a +0 short sword!
You die...

### #.##.##...........#.....# ..#
#.##.#####...####...####### ..#
#.##...#E#...#E##...#.....#
..####<##.)####...###......###.#
..##.......# #.#...............#
..##.#.###.# #.#...........#####
..##.#'###.###.#................
..##.......##..#......##.######..
..##.......##.##b####.##.......).
..###.......#....@.##.##########.
.#..........####.#.##+#########
.#..........##.#.#....@........
...............#.#../.........#
>..........###.#...............
...........# #.####..........##
..###......# #.# #...[.###...#
..###......###.# +.....# .###


You could see Harold.

Vanquished Creatures
  A two-headed ogre (D:5)
  Menkaure (D:4)
  A hornet zombie (D:5)
  An orc warrior (D:5)
  5 necrophages
  2 ogres (D:5)
  2 centaurs (D:5)
  Blork the orc (D:6)
  A kobold brigand (D:6)
  2 bullfrogs (D:6)
  A gnoll sergeant (D:5)
  6 scorpions
  2 water moccasin skeletons
  2 wights (D:5)
  6 killer bees (D:7)
  A howler monkey (D:5)
  3 jellies
  3 bullfrog zombies (D:5)
  2 hounds (D:6)
  4 orc priests
  A gnoll shaman (D:5)
  A human zombie (D:5)
  4 iguanas
  Jessica (D:3)
  Ijyb (D:5)
  Terence (D:2)
  3 orc wizards
  A killer bee zombie (D:5)
  2 hound zombies (D:5)
  A howler monkey zombie (D:7)
  2 mummies (D:5)
  8 adders
  6 gnolls
  A howler monkey skeleton (D:5)
  2 shadow imps (D:5)
  2 white imps
  2 worms
  3 dart slugs
  19 orcs
  11 ball pythons
  10 bats
  7 endoplasms
  6 giant cockroaches
  5 goblins
  A hobgoblin (D:1)
  14 kobolds
  6 quokkas
  2 frilled lizards
  5 rats
175 creatures vanquished.

Notes
Turn   | Place    | Note
-------+----------+-------------------------------------------
     0 | D:1      | browni3141 the Minotaur Berserker began the quest for the
                  | Orb.
     0 | D:1      | Reached XP level 1. HP: 19/19 MP: 0/0
   372 | D:1      | Reached XP level 2. HP: 26/27 MP: 1/1
   519 | D:1      | Reached XP level 3. HP: 17/33 MP: 2/2
  1190 | D:1      | Reached ** piety under Trog
  1285 | D:2      | Noticed Terence
  1288 | D:2      | Killed Terence
  1289 | D:2      | Reached XP level 4. HP: 41/41 MP: 3/3
  1800 | D:2      | Noticed a scorpion
  1805 | D:2      | Killed a scorpion
  1806 | D:2      | Reached XP level 5. HP: 47/47 MP: 4/4
  2833 | D:3      | Noticed Jessica
  2835 | D:3      | Killed Jessica
  2836 | D:3      | Reached skill level 5 in Axes
  2890 | D:3      | Found a sacrificial altar of Ru.
  2896 | D:3      | Reached skill level 5 in Fighting
  3083 | D:3      | Reached XP level 6. HP: 56/56 MP: 5/5
  3567 | D:4      | Noticed Menkaure
  3573 | D:4      | Killed Menkaure
  3741 | D:4      | Found a snail-covered altar of Cheibriados.
  3747 | D:4      | Found a white marble altar of Elyvilon.
  3758 | D:4      | Found a hazy altar of Hepliaklqana.
  3818 | D:4      | Reached skill level 5 in Armour
  3818 | D:4      | Reached XP level 7. HP: 57/62 MP: 6/6
  4093 | D:5      | Entered Level 5 of the Dungeon
  4262 | D:5      | Found a hide-covered altar of Uskayaw.
  4388 | D:5      | Reached skill level 5 in Dodging
  4637 | D:5      | Found a large runed translucent door.
  4645 | D:5      | Found an ornate altar of the Wu Jian Council.
  4660 | D:5      | Noticed Ijyb
  4684 | D:5      | Killed Ijyb
  4893 | D:5      | Found a large runed translucent door.
  4893 | D:5      | Found a large runed translucent door.
  4923 | D:5      | Reached XP level 8. HP: 67/71 MP: 7/7
  5055 | D:5      | Noticed a two-headed ogre
  5063 | D:5      | Killed a two-headed ogre
  5064 | D:5      | Found a large runed translucent door.
  5388 | D:5      | HP: 1/109 [orc warrior (20)]
  5717 | D:5      | Identified the +0 ring mail of the Ancient Villages {rPois
                  | Regen+}
  5793 | D:5      | Reached *** piety under Trog
  5820 | D:5      | Reached XP level 9. HP: 32/81 MP: 8/8
  6198 | D:5      | Found a basalt altar of Yredelemnul.
  7571 | D:6      | Noticed Blork the orc
  7578 | D:6      | Killed Blork the orc
  7802 | D:6      | Found a staircase to the Ecumenical Temple.
  8307 | D:7      | Found a stormy altar of Qazlal.
  9306 | D:7      | Noticed Harold
  9328 | D:7      | HP: 1/83 [Harold (12)]
  9342 | D:7      | Mangled by Harold

Illustrated notes

Levels and vault maps discovered:
D:1:      scummos_arrival_simple_fountains, layout_loops_ring,
          minmay_crystal_water
D:2:      layout_loops_ring, uniq_terence
D:3:      layout_loops_cross, nicolae_ru_great_annihilating_truth, uniq_jessica
D:4:      layout_gridville, minmay_overflow_temple_star_quad, minivault_4,
          small_statue_intersection, wad_floor_pattern_1, uniq_menkaure
D:5:      layout_loops_corners, nicolae_uskayaw_suspiria,
          mainiacjoe_overflow_six_doors_small,
          lemuel_mausoleum_altar_yredelemnul, grunt_ministairs_1,
          minmay_hollow_rounded_squares, uniq_ijyb
D:6:      layout_basic, temple_green, serial_rivers,
          chequers_serial_rivers_micro_a, chequers_serial_rivers_micro_e,
          chequers_serial_rivers_micro_a, chequers_serial_rivers_micro_c,
          chequers_serial_rivers_room_b, chequers_serial_rivers_small_3,
          minmay_increasing_density, uniq_blork_the_orc
D:7:      layout_basic, nicolae_qazlal_style_of_elements,
          ebering_dispersal_statue_hall, uniq_harold

Skill      XL: |  1  2  3  4  5  6  7  8  9 |
---------------+----------------------------+-----
Fighting       | 4 5 6 7 9 |  9.3
Axes           | 4 5 6 7 9 |  9.3
Armour         | 3 4 5 6 7 9 |  9.0
Dodging        | 3 4 5 6 8 |  8.2

Action                   |  1- 3 |  4- 6 |  7- 9 || total
-------------------------+-------+-------+-------++-------
Melee: Hand axe          |    66 |   100 |   127 ||   293
       Headbutt          |     4 |    18 |    52 ||    74
       Punch             |     1 |       |       ||     1
       Battleaxe         |       |       |   148 ||   148
       Unarmed           |       |       |    12 ||    12
Invok: Berserk           |     1 |     4 |    11 ||    16
       Trog's Hand       |       |       |     1 ||     1
 Stab: Sleeping          |     3 |     3 |       ||     6
       Paralysed         |       |     1 |       ||     1
Armor: Animal skin       |    14 |    16 |       ||    30
       Plate armour      |       |    13 |   210 ||   223
Dodge: Dodged            |    47 |    60 |   135 ||   242
